 Dungeon Crawl Stone Soup version 0.31.0-32-g396128a36d (webtiles) character file.

Game seed: 12717975442096526400

4685 mainiacjoe the Summoner (level 10, -16/69 HPs)
             Began as an Octopode Summoner on Mar 24, 2024.
             Killed by an exploding blazeheart core (41 damage)
             ... while paralysed by a hornet
             ... on level 9 of the Dungeon.
             The game lasted 00:41:55 (10541 turns).

mainiacjoe the Summoner (Octopode Summoner)        Turns: 10541, Time: 00:41:55

Health: -16/69     AC:  1    Str: 13    XL:     10   Next: 44%
Magic:  3/14       EV:  2    Int: 22    God:
Gold:   291        SH:  0    Dex: 13    Spells: 1/15 levels left

rFire   . . .        a - +3 trident
rCold   . . .        (no shield)
rNeg    . . .        (helmet restricted)
rPois   .            x - amulet of reflection
rElec   .            g - +5 ring of evasion
rCorr   .            l - ring of see invisible
SInv    +            n - +6 ring of strength
Will    .....        (no ring)
Stlth   ++++         (no ring)
HPRegen 0.31/turn    (no ring)
MPRegen 0.14/turn    (no ring)
                     (no ring)

%: reflection
@: paralysed, unable to call your familiar
A: almost no armour, amphibious, 8 rings, camouflage 1, gelatinous body 1,
(nimble swimmer 1), tentacles
a: no special abilities


You were on level 9 of the Dungeon.
You visited 2 branches of the dungeon, and saw 10 of its levels.

You collected 473 gold pieces.
You spent 182 gold pieces at shops.

Inventory:

Hand Weapons
 a - a +3 trident (weapon)
 b - a +0 flail of protection
 m - a +5 short sword of freezing
 y - a +0 rapier
 G - a +0 orcbow
 H - a +3 short sword
 K - a +4 great sword
 M - a +2 long sword of holy wrath
Missiles
 h - 81 stones
 i - 41 poisoned darts
 j - 2 datura-tipped darts {=F}
 k - 4 boomerangs
 w - 6 javelins
 F - 3 curare-tipped darts {=F}
Magical Staves
 u - a staff of air
Jewellery
 g - a +5 ring of evasion (left tentacle)
 l - a ring of see invisible (right tentacle)
 n - a +6 ring of strength (on tentacle)
 o - a ring of fire
 x - an amulet of reflection (around mantle)
Wands
 p - a wand of quicksilver (6)
Scrolls
 c - 2 scrolls of amnesia
 f - 2 scrolls of teleportation
 q - a scroll of fear
 s - 2 scrolls of blinking
 v - 2 scrolls of enchant armour
 D - 2 scrolls of enchant weapon
 E - a scroll of immolation
 N - a scroll of fog
 O - a scroll of poison
Potions
 d - a potion of magic
 e - a potion of attraction
 r - 2 potions of haste
 t - a potion of ambrosia {unknown}
 z - a potion of degeneration {unknown}
 A - a potion of mutation {unknown}
 B - 3 potions of lignification {unknown}
 C - a potion of curing
 I - a potion of might {unknown}
 J - 2 potions of brilliance {unknown}
 L - a potion of resistance {unknown}


   Skills:
 + Level 6.9 Fighting
 - Level 4.0 Polearms
 + Level 6.9 Dodging
 - Level 5.0 Stealth
 - Level 3.0 Spellcasting
 - Level 10.0 Summonings
 - Level 4.0 Air Magic


You had one spell level left.
You knew the following spells:

 Your Spells              Type           Power      Damage    Failure   Level
a - Summon Blazeheart Go  Fire/Summ      25%        N/A       16%         4
b - Call Imp              Summ           94%        N/A       1%          2
c - Call Canine Familiar  Summ           47%        N/A       1%          3
d - Summon Lightning Spi  Summ/Air       34%        N/A       7%          4
e - Summon Small Mammal   Summ           100%       N/A       1%          1

Your spell library contained the following spells:

 Spells                   Type           Power      Damage    Failure   Level
 Sandblast                Erth           6%         2d5       12%         1
 Slow                     Hex            12%        N/A       12%         1
 Confusing Touch          Hex            3%         N/A       36%         3
 Passwall                 Erth           3%         N/A       36%         3
 Sigil of Binding         Hex            3%         N/A       36%         3
 Stone Arrow              Conj/Erth      6%         3d7       36%         3
 Tukima's Dance           Hex            3%         N/A       36%         3
 Vampiric Draining        Necr           3%         2d6       36%         3
 Brom's Barrelling Bould  Conj/Erth      3%         2d3       77%         4
 Leda's Liquefaction      Alch/Erth      1%         N/A       77%         4
 Passage of Golubria      Tloc           3%         N/A       77%         4
 Lee's Rapid Deconstruct  Erth           1%         3d4*      98%         5
 Yara's Violent Unravell  Hex/Alch       1%         3d3       98%         5
 Bombard                  Conj/Erth      1%         9d1       100%        6


Dungeon Overview and Level Annotations

Branches:
Dungeon (9/15)             Temple (1/1) D:4            Lair (0/5) D:9
    Orc: D:9-12

Altars:
Cheibriados
Dithmenos
Elyvilon
Fedhas
Hepliaklqana
Makhleb
Nemelex Xobeh
Okawaru
Ru
Trog
Uskayaw
Vehumet
Xom
Yredelemnul
Zin
The Shining One

Shops:
D:3 *   D:5 *   D:8 :

Annotations:
D:5 throat cutter lotsa kobold brigands
D:6 3 runed translucent doors, exclusion: 3 doors, Wolfey's ghost, novice OpFi


Innate Abilities, Weirdness & Mutations

You cannot wear most types of armour.
You are amphibious.
You can wear up to eight rings at the same time.
Your skin changes colour to match your surroundings (Stealth+).
Your rubbery body absorbs attacks. (AC +1, EV +1)
((You are camouflaged when in or above water. (Stealth+)))
You have tentacles for arms and can constrict up to eight enemies at once.


Message History

A tiny devil pulls itself out of the air.
Your inugami is no longer moving slowly.
The hornet completely misses your inugami.
The kobold hits your blazeheart golem but does no damage.
A kobold comes into view. It is wielding a +0 short sword.
The gnoll hits your inugami with a +0 flail!
Your inugami dies!
Your inugami disappears in a puff of smoke!
Your blazeheart golem's core flares to life once more.
Your blazeheart golem completely misses the gnoll.
The gnoll barely misses you. The hornet barely misses you.
Your cerulean imp closely misses the gnoll.
The kobold hits your blazeheart golem with a +0 dagger.
Things that are here:
a +0 flail; a gnoll corpse You hit the hornet.
Your grab misses the hornet. You squeeze the hornet.
The hornet is lightly wounded.
The kobold hits your blazeheart golem but does no damage.
The hornet misses you.
Your cerulean imp closely misses the gnoll.
A kobold comes into view. It is wielding a +1 whip of venom.
The kobold hits your blazeheart golem but does no damage.
The gnoll hits you with a +0 flail!
The kobold hits your blazeheart golem but does no damage.
You closely miss the hornet. You grab the hornet.
The hornet is lightly wounded.
You constrict the hornet, but do no damage.
The hornet stings you!
You suddenly lose the ability to move!
You lose your grip on the hornet.
Your blazeheart golem punches the kobold.
Your blazeheart golem falls apart, revealing its core!
The hornet stings you!
You feel yourself slow down. The gnoll hits you with a +0 flail.
Your cerulean imp barely misses the gnoll.
The kobold completely misses your blazeheart core. x2
You feel yourself speed up.
Your blazeheart core explodes!
The fiery explosion engulfs you!!!
Ouch! That really hurt!
You die...

## #$#.##+# #.......
#.#.... ##.#...# #.#...
#.#...# #.#.. #.#...#
#.#.##+# #.#...# #
##.#.##.####.#...#
####.##......8..........
.........5.............#
.......@y.............##
......$g☼K)##.######.##
####..###KK##.# #....
#.. #K.##.# #..### ...
...##.# #..# ....
........ .... ....
......... ..... ....
.......... .....


You could see a hornet, a gnoll (ally target), 4 kobolds, a friendly lightning
spire (summoned) and a friendly cerulean imp (summoned).

Vanquished Creatures
  Eustachio (D:6)
  A yak (D:9)
  A steam dragon (D:8)
  Menkaure (D:6)
  Duvessa (D:5)
  An orc warrior (D:8)
  A centaur (D:7)
  A phantom (D:6)
  2 bullfrogs (D:7)
  Blork the orc (D:5)
  A wight (D:8)
  Dowan (D:5)
  A centaur zombie (D:8)
  A jelly (D:6)
  A gnoll bouda (D:9)
  An orc priest (D:8)
  A hound (D:8)
  A sleepcap (D:5)
  An iguana (D:5)
  8 orc wizards
  A howler monkey zombie (D:8)
  3 adders
  A shadow imp (D:7)
  A white imp (D:7)
  3 ufetubi
  A ribbon worm (D:1)
  2 dart slugs
  8 orcs
  3 ball pythons (D:1)
  3 bats
  2 endoplasms
  A giant cockroach (D:2)
  2 goblins
  A jackal (D:3)
  3 kobolds (D:7)
  A quokka (D:3)
  A frilled lizard (D:3)
  A rat (D:1)
66 creatures vanquished.

Vanquished Creatures (collateral kills)
  A komodo dragon (D:9)
  A hellwing (D:9)
  A steam dragon (D:8)
  An acid dragon (D:8)
  An ice beast (D:8)
  2 black bears (D:9)
  A centaur (D:9)
  3 phantoms (D:5)
  3 kobold brigands
  4 bullfrogs
  A scorpion (D:6)
  9 wights (D:8)
  A howler monkey (D:5)
  4 bombardier beetles
  A jelly (D:6)
  An orc priest (D:7)
  A centaur zombie (D:8)
  A hound (D:5)
  2 gnoll boudas
  An iguana (D:5)
  5 orc wizards
  A howler monkey zombie (D:8)
  5 adders
  7 gnolls
  A white imp (D:9)
  5 ufetubi
  3 dart slugs
  3 ribbon worms
  22 orcs
  3 endoplasms
  4 goblins
  4 hobgoblins
  3 jackals (D:3)
  4 quokkas
  4 ball pythons
  2 bats (D:1)
  4 frilled lizards
  16 kobolds
  2 rats
138 creatures vanquished.

Vanquished Creatures (others)
  2 blazeheart cores (D:9)
2 creatures vanquished.

Grand Total: 206 creatures vanquished

Notes
Turn   | Place    | Note
-------+----------+-------------------------------------------
     0 | D:1      | mainiacjoe the Octopode Summoner began the quest for the
                  | Orb.
     0 | D:1      | Reached XP level 1. HP: 11/11 MP: 3/3
   210 | D:1      | Reached XP level 2. HP: 17/17 MP: 1/5
   513 | D:1      | Learned a level 2 spell: Call Imp
  1198 | D:2      | Reached XP level 3. HP: 21/21 MP: 3/6
  1520 | D:2      | Learned a level 3 spell: Call Canine Familiar
  1690 | D:2      | Reached skill level 5 in Summonings
  2173 | D:3      | Found a faded altar of an unknown god.
  2260 | D:3      | Reached XP level 4. HP: 27/27 MP: 0/7
  2339 | D:3      | Found Teumior's General Store.
  2347 | D:3      | Bought a potion of attraction for 39 gold pieces
  2401 | D:3      | Reached skill level 6 in Summonings
  2404 | D:3      | Reached XP level 5. HP: 22/31 MP: 1/8
  2718 | D:3      | Reached skill level 1 in Fighting
  3076 | D:3      | Reached XP level 6. HP: 38/38 MP: 3/9
  3690 | D:4      | Found a shadowy altar of Dithmenos.
  3748 | D:4      | Found a staircase to the Ecumenical Temple.
  3757 | Temple   | Entered the Ecumenical Temple
  4283 | D:5      | Entered Level 5 of the Dungeon
  4541 | D:5      | Noticed Duvessa
  4541 | D:5      | Noticed Dowan
  4751 | D:5      | Found Zaczu's Assorted Antiques.
  4836 | D:5      | Noticed Blork the orc
  4839 | D:5      | Reached XP level 7. HP: 45/45 MP: 4/10
  4848 | D:5      | Killed Dowan
  4849 | D:5      | Killed Duvessa
  4852 | D:5      | Killed Blork the orc
  4861 | D:5      | Bought a scroll of identify for 62 gold pieces
  4861 | D:5      | Bought a cyan potion for 27 gold pieces
  4861 | D:5      | Bought a viscous brown potion for 27 gold pieces
  4861 | D:5      | Bought a fuming orange potion for 27 gold pieces
  5061 | D:5      | Reached skill level 5 in Stealth
  5064 | D:5      | Reached skill level 5 in Dodging
  5064 | D:5      | Reached XP level 8. HP: 29/54 MP: 0/11
  5710 | D:5      | Found the +7 Throatcutter {drain, coup de grace}
  6038 | D:6      | Reached skill level 5 in Fighting
  6092 | D:6      | Reached skill level 1 in Air Magic
  6318 | D:6      | Found a runed translucent gate.
  6319 | D:6      | Found a runed translucent gate.
  6319 | D:6      | Noticed Wolfey's ghost (novice OpFi)
  6535 | D:6      | Noticed Menkaure
  6538 | D:6      | Noticed Eustachio
  6775 | D:6      | Killed Eustachio
  6775 | D:6      | Killed Menkaure
  6776 | D:6      | Reached skill level 7 in Summonings
  6776 | D:6      | Reached XP level 9. HP: 62/62 MP: 6/12
  6824 | D:6      | Identified the +0 robe of Yesterday {-Cast +Blink rF-
                  | Dex+9}
  7009 | D:6      | Found a runed translucent gate.
  7009 | D:6      | Noticed a kobold demonologist
  7800 | D:7      | Reached skill level 8 in Summonings
  7814 | D:7      | Learned a level 4 spell: Summon Lightning Spire
  8124 | D:7      | Learned a level 4 spell: Summon Blazeheart Golem
  8739 | D:8      | Found a sacrificial altar of Ru.
  8822 | D:8      | Found a hide-covered altar of Uskayaw.
  8825 | D:8      | Noticed a +0 dagger
  8825 | D:8      | Noticed a +0 dagger
  8874 | D:8      | Reached skill level 1 in Polearms
  9168 | D:8      | Found Lirph's Book Shoppe.
  9183 | D:8      | HP: 3/62 [wight/+4 great sword (18)]
  9475 | D:8      | Reached skill level 9 in Summonings
  9495 | D:8      | Reached XP level 10. HP: 56/68 MP: 3/14
 10241 | D:9      | Reached skill level 10 in Summonings
 10310 | D:9      | Found a staircase to the Lair.
 10540 | D:9      | Paralysed by a hornet for 2 turns
 10541 | D:9      | Killed by an exploding blazeheart core

Illustrated notes

Levels and vault maps discovered:
D:1:      dpeg_arrival_brainrot, layout_basic, minmay_misc_feat_ornament
D:2:      layout_basic, minmay_misc_feat_room, kennysheep_flooded_box,
          minmay_misc_feat_iff, wad_floor_pattern_2, kennysheep_generic_room_7
D:3:      layout_rooms, hellmonk_ecumenical_altar_zigzags, serial_shops, shop,
          nrook_loot_triangle, minmay_divided_ellipse
D:4:      layout_basic, grunt_dithmenos_smoke, minmay_temple_entry_glassed_door,
          nicolae_twisty_statue_hallways
D:5:      layout_basic, serial_shops, shop, chequers_garden,
          dilly_guarded_unrand_throatcut, uniq_blork_the_orc, uniq_duvessa
D:6:      layout_loops_cross, gammafunk_ghost_nasty_kobolds, uniq_menkaure,
          uniq_eustachio
D:7:      layout_basic
D:8:      layout_loops_ring, mainiacjoe_overflow_brackets,
          dancing_weapons_uskayaw, serial_shops,
          nicolae_shop_tiny_real_fake_doors, serial_undead, serial_undead_b,
          serial_undead_f, serial_undead_e, serial_undead_a, st_stairs_7,
          skrybe_limestone_x
D:9:      layout_basic, nicolae_gozag_cash_rules_everything_around_me,
          due_lair_maze_entry_diamond, gammafunk_ghost_stat_death,
          nicolae_demonic_statue_gallery
Temple:   cyrus_circular_temple

Skill      XL: |  1  2  3  4  5  6  7  8  9 10 |
---------------+-------------------------------+-----
Summonings     | 5 6 7 9 10 | 10.0
Fighting       | 1 2 4 6 |  6.9
Stealth        | 3 4 5 |  5.0
Dodging        | 3 5 6 |  6.9
Air Magic      | 3 4 |  4.0
Spellcasting   | 3 |  3.0
Polearms       | 4 |  4.0

Action                     |  1- 3 |  4- 6 |  7- 9 | 10-12 || total
---------------------------+-------+-------+-------+-------++-------
  Melee: Unarmed           |     6 |       |       |       ||     6
         Tentacles         |     9 |     3 |    19 |     6 ||    37
         Club              |     7 |       |       |       ||     7
         Constrict         |     7 |     8 |    29 |     4 ||    48
         Dagger            |     8 |       |       |       ||     8
         Long sword        |     8 |       |       |       ||     8
         Flail             |       |    21 |       |       ||    21
         Trident           |       |     5 |   145 |    27 ||   177
         Punch             |       |       |     2 |       ||     2
  Throw: Stone             |       |       |       |     1 ||     1
   Cast: Summon Small Mamm |    39 |    18 |    20 |       ||    77
         Call Imp          |    18 |    22 |    30 |     2 ||    72
         Call Canine Famil |     1 |    18 |    31 |     3 ||    53
         Summon Lightning  |       |       |    12 |    10 ||    22
         Summon Blazeheart |       |       |       |     2 ||     2
  Evoke: Wand              |       |       |     6 |       ||     6
    Use: Scroll            |     5 |     3 |     4 |     1 ||    13
         Potion            |       |       |     4 |       ||     4
   Stab: Distracted        |     1 |     1 |     1 |     2 ||     5
         Sleeping          |     3 |     2 |     4 |       ||     9
 Armour: Skin              |     9 |    22 |    63 |    20 ||   114
  Dodge: Dodged            |    30 |    53 |   140 |    26 ||   249
  Block: Other             |       |       |       |     3 ||     3
